 Dungeon Crawl Stone Soup version 0.23-a0-607-g760965b (webtiles) character file.

17821 tilp the Spear-Bearer (level 12, -1/92 HPs)
             Began as a Merfolk Ice Elementalist on Dec 19, 2018.
             Was an Elder of Makhleb.
             Slain by a lindwurm (6 damage)
             ... on level 4 of the Lair of Beasts on Dec 20, 2018.
             The game lasted 01:06:45 (20007 turns).

tilp the Spear-Bearer (Merfolk Ice Elementalist)   Turns: 20007, Time: 01:06:46

Health: -1/92      AC: 17    Str:  9    XL:     12   Next: 52%
Magic:  8/21       EV: 11    Int: 25    God:    Makhleb [****..]
Gold:   911        SH:  0    Dex: 15    Spells: 7/23 levels left

rFire    . . .     SeeInvis .   a - +9 quarterstaff "Miucu" {venom, rElec}
rCold    . . .     Gourm    .   (shield currently unavailable)
rNeg     . . .     Faith    .   M - +3 scale mail "Ymeb Qua" {Int+4}
rPois    +         Spirit   .   O - +2 helmet
rElec    +         Reflect  .   (no cloak)
rCorr    .         Harm     .   H - +1 pair of gloves
MR       ++...                  v - +2 pair of boots
Stlth    +.........             (no amulet)
HPRegen  0.25/turn              e - ring of poison resistance
MPRegen  0.17/turn              N - ring of the Mage {Wiz MR++ Int+3}

@: no status effects
A: change form in water, swift swim, stealthy swim
a: Minor Destruction, Lesser Servant of Makhleb, Major Destruction, Renounce
Religion


You were on level 4 of the Lair of Beasts.
You worshipped Makhleb.
Makhleb was greatly pleased with you.
You were not hungry.

You visited 3 branches of the dungeon, and saw 17 of its levels.
You also visited: Sewer.

You collected 911 gold pieces.

Inventory:

Hand Weapons
 a - the +9 quarterstaff "Miucu" (weapon) {venom, rElec}
   (You found it on level 10 of the Dungeon)

   It poisons the flesh of those it strikes.
   It insulates you from electricity.
 b - a +2 scimitar of flaming
 q - a +1 trident of flaming
Missiles
 n - 5 javelins
 y - 11 tomahawks (quivered)
 E - 3 throwing nets
Armour
 m - a +2 leather armour of fire resistance
 v - a +2 pair of boots (worn)
 H - a +1 pair of gloves (worn)
 M - the +3 scale mail "Ymeb Qua" (worn) {Int+4}
   (You found it on level 7 of the Dungeon)

   It affects your intelligence (+4).
 O - a +2 helmet (worn)
 Z - +0 acid dragon scales
Magical Staves
 j - an uncursed staff of poison {unknown}
 U - an uncursed staff of power {unknown}
Jewellery
 e - a ring of poison resistance (left hand)
 N - the ring of the Mage (right hand) {Wiz MR++ Int+3}
   (You found it on level 3 of the Lair of Beasts)

   [ring of wizardry]

   It improves your spell success rate.
   It affects your intelligence (+3).
   It affects your resistance to hostile enchantments.
 W - the ring of Knowledge {+Fly rC+ Dex+7}
   (You found it on level 10 of the Dungeon)

   [ring of flight]

   It affects your dexterity (+7).
   It protects you from cold.
   It lets you fly.
 X - an uncursed ring of protection from magic
Wands
 g - a wand of paralysis (6)
 F - a wand of iceblast (5)
 J - a wand of disintegration (14)
 Q - a wand of enslavement (12)
 R - a wand of acid (9)
 S - a wand of digging (4)
 Y - a wand of flame (23)
Scrolls
 h - 2 scrolls of immolation
 k - a scroll of holy word {unknown}
 l - 2 scrolls of magic mapping
 r - 5 scrolls of blinking
 t - 4 scrolls of teleportation
 x - a scroll of fear
 z - 3 scrolls of fog
 C - 7 scrolls of remove curse
 I - a scroll of random uselessness {unknown}
 L - a scroll of amnesia {unknown}
 P - 2 scrolls of enchant weapon
Potions
 d - 2 potions of mutation
 f - 3 potions of might
 o - 3 potions of curing
 p - 3 potions of magic
 u - a potion of invisibility
 w - 4 potions of lignification
 A - 2 potions of brilliance
 D - 2 potions of haste
 G - a potion of ambrosia
 K - a potion of heal wounds
 T - 2 potions of cancellation
Miscellaneous
 i - a box of beasts
 B - a phial of floods
 V - a lamp of fire
Comestibles
 c - 24 rations
 s - 11 chunks of flesh


   Skills:
 - Level 8.0 Fighting
 - Level 12.0 Polearms
 - Level 8.0 Dodging
 - Level 2.1 Stealth
   Level 4.0 Shields
 - Level 6.0 Spellcasting
 - Level 2.0 Conjurations
 - Level 3.1 Hexes
 - Level 4.3 Charms
 + Level 11.3 Ice Magic
 - Level 5.0 Invocations
 - Level 6.0 Evocations


You had 7 spell levels left.
You knew the following spells:

 Your Spells              Type           Power        Failure   Level  Hunger
a - Freeze                Ice            ####         1%          1    None
b - Throw Frost           Conj/Ice       #####.       2%          2    None
c - Ozocubu's Armour      Chrm/Ice       #####...     3%          3    None
d - Throw Icicle          Conj/Ice       #####...     16%         4    ###....
e - Regeneration          Chrm/Necr      ###.......   30%         3    None
f - Spectral Weapon       Hex/Chrm       ####....     16%         3    None

Your spell library contained the following spells:

 Spells                   Type           Power        Failure   Level  Hunger
 Infusion                 Chrm           ####         4%          1    None
 Song of Slaying          Chrm           ####....     6%          2    None
 Magic Dart               Conj           ###.         12%         1    None
 Searing Ray              Conj           ###...       16%         2    None
 Shroud of Golubria       Chrm/Tloc      ###.......   16%         2    None
 Summon Ice Beast         Ice/Summ       #####...     24%         4    ###....
 Dazzling Spray           Conj/Hex       ###...       26%         3    None
 Fulminant Prism          Conj/Hex       ###.......   63%         4    ###....
 Iskenderun's Mystic Bla  Conj           ###.....     69%         4    ###....
 Force Lance              Conj/Tloc      ##......     82%         4    ###....


Dungeon Overview and Level Annotations

Branches:
Dungeon (12/15)            Temple (1/1) D:6            Lair (4/6) D:11
  Swamp (0/4) Lair:2          Orc (0/2) D:11
  Snake: Lair:2-4    Spider: Lair:2-4

Altars:
Ashenzari
Dithmenos
Elyvilon
Fedhas
Gozag
Makhleb
Okawaru
Qazlal
Ru
Sif Muna
Trog
Uskayaw
Vehumet
Xom
Yredelemnul
Zin
The Shining One

Shops:
D:11 (

Annotations:
D:9 exclusion: two-headed ogre
D:12 exclusion: two-headed ogre
Lair:2 exclusion: oklob plant
Lair:4 exclusion: 2 oklob plants


Message History

Aim: a lindwurm (heavily wounded, poisoned, catching its breath)
The shard of ice hits the lindwurm.
The lindwurm is almost dead.
The lindwurm bites you!
The lindwurm claws you but does no damage.
The lindwurm claws you.
* * * LOW HITPOINT WARNING * * *
Casting: Throw Icicle (slightly dangerous; 16% risk of failure)
Confirm with . or Enter, or press ? or * to list all spells.
Aiming: Throw Icicle (slightly dangerous; 16% risk of failure)
Press: ? - help, Shift-Dir - straight line, f/p - lindwurm
Aim: a lindwurm (almost dead, poisoned, catching its breath)
The shard of ice hits the lindwurm.
The lindwurm is almost dead.
The lindwurm bites you!
* * * LOW HITPOINT WARNING * * *
The lindwurm claws you.
* * * LOW HITPOINT WARNING * * *
The lindwurm claws you.
You die...

.......#..........
...)..............
...............$..
...........#......
..?........$.....#
.....>....P........#
...#.....#k.........
.........@..........
................(...
.....................
...............#.#....
.....#.........#......
......................
......................
.....................
....................


You could see a lindwurm.

Vanquished Creatures
  A hydra (D:8)
  An unseen horror (D:9)
  A wolf spider zombie (D:12)
  A manticore (D:12)
  An elephant (D:11)
  An efreet (D:9)
  3 spiny frogs
  2 komodo dragons
  4 rime drakes
  2 trolls
  2 bog bodies (Lair:2)
  Prince Ribbit (D:5)
  2 hornets
  7 hippogriffs
  7 yaks
  A human (D:8)
  A swamp worm (Lair:2)
  3 water moccasins
  2 porcupines
  5 orc warriors
  2 necrophages
  An ice beast (D:11)
  2 black bears
  A sky beast (D:12)
  5 ogres
  3 phantoms
  8 centaurs
  8 wolves
  8 crocodiles
  3 big kobolds (D:11)
  19 bullfrogs
  A wyvern zombie (D:8)
  5 gnoll sergeants (D:11)
  2 wyvern skeletons
  6 scorpions
  A water moccasin skeleton (D:9)
  11 killer bees
  2 electric eels
  9 wights
  5 jellies
  3 hounds
  4 orc wizards
  2 bullfrog skeletons
  5 orc priests
  A centaur skeleton (D:6)
  5 iguanas
  6 worker ants
  A mummy (D:7)
  A worker ant zombie (D:5)
  A howler monkey zombie (D:6)
  19 gnolls
  17 adders
  3 shadow imps
  An ooze (D:6)
  2 adder skeletons
  4 worms (D:2)
  2 dart slugs
  5 leopard geckos
  31 orcs
  6 giant cockroaches
  5 goblins
  8 hobgoblins
  9 jackals
  22 kobolds
  4 quokkas
  3 ball pythons (Sewer)
  9 bats
  9 frilled lizards
  A jackal zombie (D:5)
  15 rats
  3 plants (Sewer)
357 creatures vanquished.

Vanquished Creatures (collateral kills)
  2 bog bodies (Lair:2)
  A yak (D:11)
  A basilisk (D:11)
4 creatures vanquished.

Vanquished Creatures (others)
  An orc wizard (D:12)
  2 fungi (D:11)
  2 plants
5 creatures vanquished.

Grand Total: 366 creatures vanquished

Notes
Turn   | Place    | Note
-------+----------+-------------------------------------------
     0 | D:1      | tilp the Merfolk Ice Elementalist began the quest for the
                  | Orb.
     0 | D:1      | Reached XP level 1. HP: 13/13 MP: 3/3
   296 | D:1      | Reached XP level 2. HP: 19/19 MP: 3/5
   306 | D:1      | Learned a level 2 spell: Throw Frost
   782 | D:2      | Reached XP level 3. HP: 24/24 MP: 0/6
   787 | D:2      | Learned a level 3 spell: Ozocubu's Armour
   941 | D:2      | Found a glowing golden altar of the Shining One.
  1164 | D:2      | Found a blossoming altar of Fedhas.
  1200 | D:2      | Reached XP level 4. HP: 11/30 MP: 0/8
  1248 | D:2      | Reached skill level 5 in Ice Magic
  2129 | D:2      | Reached XP level 5. HP: 35/35 MP: 5/9
  2372 | D:2      | Found a shattered altar of Ashenzari.
  2654 | D:3      | Found a bloodstained altar of Trog.
  3237 | D:3      | Found a shimmering altar of Xom.
  3237 | D:3      | Found a shimmering altar of Xom.
  3239 | D:3      | Found a shimmering altar of Xom.
  3241 | D:3      | Found a shimmering altar of Xom.
  3479 | D:3      | Reached XP level 6. HP: 28/41 MP: 5/11
  3684 | D:4      | Reached skill level 1 in Shields
  3934 | D:5      | Entered Level 5 of the Dungeon
  3939 | D:4      | Reached skill level 1 in Fighting
  3958 | D:5      | HP: 2/43 [centaur/arrow (10)]
  3968 | D:4      | Reached XP level 7. HP: 20/48 MP: 8/13
  4177 | D:5      | Noticed Prince Ribbit
  4210 | D:5      | Found a glowing drain.
  4256 | D:5      | Killed Prince Ribbit
  4415 | Sewer    | Entered a sewer
  5344 | Sewer    | Learned a level 4 spell: Throw Icicle
  5679 | D:4      | Reached skill level 1 in Evocations
  5679 | D:4      | Reached XP level 8. HP: 24/57 MP: 9/14
  6168 | D:4      | Found a hide-covered altar of Uskayaw.
  6801 | D:6      | Found an iron altar of Okawaru.
  7277 | D:6      | Reached skill level 5 in Spellcasting
  7900 | D:6      | Reached XP level 9. HP: 42/62 MP: 11/17
  7929 | D:6      | Found a staircase to the Ecumenical Temple.
  7957 | Temple   | Entered the Ecumenical Temple
  8076 | Temple   | Became a worshipper of Makhleb the Destroyer
  8285 | D:7      | Learned a level 3 spell: Regeneration
  8289 | D:7      | Learned a level 3 spell: Spectral Weapon
  8515 | D:7      | Reached skill level 1 in Polearms
  8630 | D:7      | Reached skill level 1 in Invocations
  8641 | D:7      | Got a twisted scale mail
  8710 | D:7      | Reached skill level 2 in Polearms
  9233 | D:7      | Reached skill level 3 in Polearms
  9550 | D:7      | Identified the +3 scale mail "Ymeb Qua" {Int+4} (You found
                  | it on level 7 of the Dungeon)
  9973 | D:8      | Found a sacrificial altar of Ru.
  9999 | D:8      | Found a shadowy altar of Dithmenos.
 10040 | D:8      | Reached skill level 4 in Polearms
 10040 | D:8      | Reached skill level 5 in Dodging
 10283 | D:8      | Reached skill level 5 in Polearms
 10647 | D:8      | Found a deep blue altar of Sif Muna.
 10677 | D:8      | Noticed a seven-headed hydra
 10749 | D:8      | Found a radiant altar of Vehumet.
 11241 | D:8      | Reached skill level 6 in Polearms
 11241 | D:8      | Reached XP level 10. HP: 57/70 MP: 10/19
 11484 | D:9      | Reached skill level 5 in Invocations
 11666 | D:9      | Reached skill level 7 in Polearms
 11967 | D:9      | Reached skill level 8 in Polearms
 12093 | D:9      | Reached * piety under Makhleb
 12132 | D:9      | Found a white marble altar of Elyvilon.
 12134 | D:9      | Noticed a two-headed ogre
 12371 | D:9      | Reached skill level 9 in Polearms
 12540 | D:10     | Entered Level 10 of the Dungeon
 12606 | D:9      | Killed an unseen horror
 12606 | D:9      | Reached skill level 10 in Polearms
 13039 | D:10     | Reached skill level 11 in Polearms
 13107 | D:10     | Found a glowing silver altar of Zin.
 13191 | D:10     | Reached skill level 12 in Polearms
 13435 | D:10     | Reached ** piety under Makhleb
 13512 | D:10     | Got a crude iron ring
 13545 | D:10     | Got a slimy quarterstaff
 13701 | D:10     | Reached XP level 11. HP: 78/78 MP: 7/20
 14134 | D:11     | Identified the +9 quarterstaff "Miucu" {venom, rElec} (You
                  | found it on level 10 of the Dungeon)
 14199 | D:11     | Reached skill level 5 in Fighting
 14293 | D:11     | Found a staircase to the Orcish Mines.
 14968 | D:11     | Found Muhyjou's Weapon Emporium.
 15004 | D:11     | Found a staircase to the Lair.
 15053 | D:11     | Reached *** piety under Makhleb
 15449 | D:12     | Reached skill level 10 in Ice Magic
 15513 | D:12     | Reached skill level 1 in Conjurations
 15513 | D:12     | Reached skill level 1 in Hexes
 15615 | D:12     | Reached skill level 1 in Charms
 15837 | D:12     | Noticed a manticore
 16038 | D:12     | Killed a manticore
 16506 | D:12     | Noticed a two-headed ogre
 16593 | D:12     | Noticed a manticore
 16751 | D:8      | Killed a seven-headed hydra
 17010 | Lair:1   | Entered Level 1 of the Lair of Beasts
 17122 | Lair:1   | Reached XP level 12. HP: 89/91 MP: 19/21
 17276 | Lair:1   | Reached **** piety under Makhleb
 17858 | Lair:2   | Identified the ring of Knowledge {+Fly rC+ Dex+7} (You
                  | found it on level 10 of the Dungeon)
 17917 | Lair:2   | You fall through a shaft!
 18061 | Lair:2   | Reached skill level 5 in Evocations
 18334 | Lair:2   | Found a staircase to the Swamp.
 18581 | Lair:2   | Identified the +3 chain mail of the Last Coins {MR+ Str+3
                  | Dex+3 Stlth-} (You found it on level 2 of the Lair of
                  | Beasts)
 18878 | Lair:2   | Identified the +1 hand crossbow of the Nexus {penet,
                  | Fragile rPois Dex+2 SInv} (You found it on level 2 of the
                  | Lair of Beasts)
 18880 | Lair:2   | Upgraded the game from 0.23-a0-586-gacb4b3f to
                  | 0.23-a0-607-g760965b
 19139 | Lair:3   | Found the ring of the Mage {Wiz MR++ Int+3}
 20007 | Lair:4   | Slain by a lindwurm

Vault maps used:
D:1:      minmay_arrival_four_houses
D:2:      marbit_many_paths, lemuel_round_altar, tso_metal_star, kennysheep_nub
D:3:      xom_redecorated, lemuel_round_altar, minivault_4,
          minmay_misc_feat_tower
D:4:      lemuel_doored_altar, chequers_serial_rivers_micro_d,
          minmay_misc_feat_diagonals
D:5:      first_ration, gup_sewer_entry_glass, uniq_prince_ribbit1
D:6:      minmay_temple_entry_proselytizer, okawaru_trees_2
D:7:      serial_undead, serial_undead_e, serial_undead_b, serial_undead_d,
          serial_undead_c
D:8:      minitemple, vehumet_crystals, kennysheep_mini_moat, minivault_4,
          grunt_pizzeria
D:9:      overflow_temple_1_default, minmay_chambers_of_fives
D:10:     basic_altar
D:11:     david_lair_generic, kennysheep_orc_monster_closet_entryway,
          serial_shops, shop
Temple:   minmay_temple_curvy_loop
Lair:1:   grunt_megastairs_4
Lair:2:   nicolae_swamp_entry_splash_gauntlet, grunt_megastairs_1,
          minmay_lair_oklob_chamber
Lair:3:   grunt_megastairs_5, lemuel_fruit_fields, serial_bayou_shore_a
Lair:4:   guppyfry_snake_entry_garden, dpeg_oklob_1
Sewer:    sewer_co_scattered_pipes

Skill      XL: |  1  2  3  4  5  6  7  8  9 10 11 12 |
---------------+-------------------------------------+-----
Ice Magic      | 4 5 6 8 10 11 | 11.3
Spellcasting   | 3 4 5 6 |  6.0
Shields        | 2 4 |  4.0
Dodging        | 3 4 5 6 8 |  8.0
Fighting       | 1 2 4 7 8 |  8.0
Evocations     | 1 3 4 6 |  6.0
Polearms       | 6 12 | 12.0
Invocations    | 4 5 |  5.0
Conjurations   | 2 |  2.0
Hexes          | 3 |  3.1
Charms         | 4 |  4.3
Stealth        | |  2.1

Action                   |  1- 3 |  4- 6 |  7- 9 | 10-12 || total
-------------------------+-------+-------+-------+-------++-------
Melee: Short sword       |     7 |       |       |       ||     7
       Unarmed           |     1 |       |       |       ||     1
       Dagger            |    21 |    90 |   611 |    29 ||   751
       Mace              |       |       |    16 |       ||    16
       Tailslap          |       |       |    16 |       ||    16
       Spear             |       |       |       |   264 ||   264
       Quarterstaff      |       |       |       |   432 ||   432
Throw: Stone             |       |     1 |       |       ||     1
       Tomahawk          |       |       |    24 |     1 ||    25
       Javelin           |       |       |    12 |       ||    12
       Throwing net      |       |       |     1 |     1 ||     2
 Cast: Freeze            |    37 |    58 |   165 |    99 ||   359
       Throw Frost       |     4 |    14 |    12 |    68 ||    98
       Ozocubu's Armour  |       |     2 |    25 |    53 ||    80
       Throw Icicle      |       |       |       |     8 ||     8
Invok: Lesser Servant of |       |       |       |     3 ||     3
Evoke: Wand              |       |     3 |       |     1 ||     4
  Use: Scroll            |       |     5 |    15 |    18 ||    38
       Potion            |       |     1 |     1 |     6 ||     8
 Stab: Sleeping          |     5 |     4 |     8 |     4 ||    21
       Invisible         |       |       |       |     1 ||     1
  Eat: Chunk             |     2 |    10 |    17 |    29 ||    58
       Ration            |       |       |     2 |     1 ||     3
Armor: Leather armour    |    18 |    38 |   133 |   266 ||   455
       Scale mail        |       |       |       |    21 ||    21
Dodge: Dodged            |    22 |    76 |   322 |   592 ||  1012
Block: Buckler           |       |       |    94 |    47 ||   141

Table legend:
 A = Non-vault XP
 B = Vault XP
 C = Vault XP percentage of total XP
 D = Non-vault monster count
 E = Vault monster count
 F = Vault count percentage of total count
                 A         B        C        D         E       F
            +---------+---------+-------+---------+---------+-------
      Total |   20036 |    5423 |  21.3 |     291 |      68 |  18.9
            +---------+---------+-------+---------+---------+-------
        D:1 |      25 |       0 |   0.0 |      19 |       0 |   0.0
        D:2 |     173 |       1 |   0.6 |      33 |       1 |   2.9
        D:3 |     128 |       0 |   0.0 |      26 |       0 |   0.0
        D:4 |     598 |       0 |   0.0 |      16 |       0 |   0.0
        D:5 |     449 |     306 |  40.5 |       9 |       4 |  30.8
        D:6 |     697 |      43 |   5.8 |      22 |       1 |   4.3
        D:7 |     814 |     191 |  19.0 |      13 |       3 |  18.8
        D:8 |    1872 |     189 |   9.2 |      16 |       1 |   5.9
        D:9 |    1705 |     506 |  22.9 |      21 |       4 |  16.0
       D:10 |    2422 |       0 |   0.0 |      24 |       0 |   0.0
       D:11 |    1291 |    2678 |  67.5 |      25 |      24 |  49.0
       D:12 |    3044 |       0 |   0.0 |      29 |       0 |   0.0
     Temple |      11 |       0 |   0.0 |       1 |       0 |   0.0
     Lair:1 |    2240 |     351 |  13.5 |      10 |       1 |   9.1
     Lair:2 |    1646 |     995 |  37.7 |      11 |       6 |  35.3
     Lair:3 |    1339 |     107 |   7.4 |       8 |       1 |  11.1
     Lair:4 |    1582 |       0 |   0.0 |       8 |       0 |   0.0
      Sewer |       0 |      56 | 100.0 |       0 |      22 | 100.0
            +---------+---------+-------+---------+---------+-------
